 Dungeon Crawl Stone Soup version 0.30-a0-737-gf23d94013f (webtiles) character file.

Game seed: 8326591905453571081

205 jimonade the Ducker (level 6, 0/46 HPs)
             Began as a Djinni Gladiator on Feb 3, 2023.
             Splashed by a jelly's acid (11 damage)
             ... on level 4 of the Dungeon.
             The game lasted 00:05:21 (2974 turns).

jimonade the Ducker (Djinni Gladiator)              Turns: 2974, Time: 00:05:22

Health: 0/46       AC:  0    Str: 13    XL:     6   Next: 9%
Gold:   301        EV: 12    Int: 11    God:
                   SH:  4    Dex: 15

rFire   + + .      SeeInvis .    w - +2 dagger (drain)
rCold   x . .      Faith    .    h - +0 buckler
rNeg    . . .      Spirit   .    n - +0 leather armour
rPois   ∞          Reflect  .    c - +0 helmet
rElec   .          Harm     .    (no cloak)
rCorr   .          Rampage  .    (no gloves)
Will    .....                    (boots unavailable)
Stlth   +                        (no amulet)
HPRegen 0.27/turn                (no ring)
MPRegen 0.00/turn                (no ring)

@: corroded, flying
A: sickness immunity, fire resistance 2, cold vulnerability 1, float, innate
caster, HP casting, extra vitality 1
a: no special abilities


You were on level 4 of the Dungeon.
You visited 1 branch of the dungeon, and saw 4 of its levels.

You collected 301 gold pieces.

Inventory:

Hand Weapons
 a - a +0 long sword
 b - a +0 sling
 s - a +0 spear
 v - a +0 rapier
 w - a +2 dagger of draining (weapon)
Missiles
 d - 3 throwing nets (quivered)
 e - a javelin
Armour
 c - a +0 helmet (worn)
 h - a +0 buckler (worn)
 i - a +1 hat
 n - a +0 leather armour (worn)
Jewellery
 q - an amulet of faith
Scrolls
 f - 3 scrolls of identify {unknown}
 g - 3 scrolls of immolation {unknown}
 l - a scroll of magic mapping {unknown}
 m - a scroll of butterflies {unknown}
 p - a scroll of teleportation {unknown}
 r - a scroll of enchant weapon {unknown}
 x - a scroll of blinking {unknown}
Potions
 j - a potion of mutation {unknown}
 k - 3 potions of brilliance {unknown}
 o - 2 potions of attraction {unknown}
 t - a potion of curing {unknown}
 u - a potion of flight {unknown}


   Skills:
 + Level 3.0 Fighting
 + Level 1.2(2.3) Short Blades
 + Level 3.1(3.3) Long Blades
 + Level 2.0 Throwing
 - Level 1.5 Armour
 + Level 3.8 Dodging
 - Level 0.1 Stealth
 + Level 1.0 Shields
 * Level 1.6 Spellcasting


You had 5 spell levels left.
You knew the following spells:

 Your Spells              Type           Power      Damage    Failure   Level
a - Apportation           Tloc           8%         N/A       26%         1
b - Call Imp              Summ           4%         N/A       38%         2
Your spell library was empty.

Dungeon Overview and Level Annotations

Branches:
Dungeon (4/15)
 Temple: D:4-7

Altars:
Fedhas
Xom

Annotations:
D:3 2 transporters, SpyderV's ghost, amateur DsFi


Innate Abilities, Weirdness & Mutations

You are immune to sickness and miasma.
You are immune to poison.
Your flesh is very heat resistant. (rF++)
You are vulnerable to cold. (rC-)
You float through the air rather than walking.
You learn spells naturally, not from books.
Your magical power is your life essence.
You have superior vitality. (+4 MHP)


Message History

You hit the orc but do no damage.
The orc is heavily wounded.
The orc hits you with a +0 hand axe!
You hit the orc but do no damage. You drain the orc.
You kill the orc!
You hear a distant slurping noise.
No target in view!
No target in view!
No target in view!
A jelly comes into view.
A jelly is nearby!
A jelly is nearby!
The jelly quivers.
You see here 11 gold pieces.
You hit the jelly. You drain the jelly.
Your hands burn!
The jelly is moderately wounded.
You block the jelly's attack.
You hit the jelly. You drain the jelly. The acid corrodes you!
Your hands burn!
The jelly is heavily wounded.
The jelly hits you.
You are splashed with acid!
You hit the jelly.
Your hands burn!
The jelly is heavily wounded.
The jelly barely misses you.
You are too injured to fight recklessly!
You are too injured to fight recklessly!
You are too injured to fight recklessly!
You are too injured to fight recklessly!
You are too injured to fight recklessly!
You are too injured to fight recklessly!
You are too injured to fight recklessly!
You hit the jelly.
Your hands burn!
The jelly is severely wounded.
The jelly hits you.
You are splashed with acid.
You hit the jelly. You drain the jelly.
Your hands burn!
* * * LOW HITPOINT WARNING * * *
The jelly is almost dead.
The jelly hits you.
* * * LOW HITPOINT WARNING * * *
You are splashed with acid!
You die...

..# ...#...#+####..
..#...............##
.
..#........#.......+
.......##..#......##
.#..... # ##.....#
....... #.....#
.#.... ..##..)$.#
....+## .........#
.#.#... #.......@.#
....... ........J.#
.#..... ...##.....#
....... ... #.....#
....... #. #......
....... #.......
..###+# ........
..## ##.....##. ...#


You could see a jelly (very drained).

Vanquished Creatures
  An iguana (D:3)
  3 adders
  5 gnolls
  A shadow imp (D:3)
  3 worms
  A dart slug (D:3)
  2 orcs
  5 ball pythons
  8 bats
  9 endoplasms
  5 giant cockroaches
  4 goblins
  6 hobgoblins
  9 jackals
  7 kobolds
  A quokka (D:3)
  2 frilled lizards (D:3)
  5 rats
  A toadstool (D:1)
78 creatures vanquished.

Vanquished Creatures (others)
  4 toadstools (D:1)
4 creatures vanquished.

Grand Total: 82 creatures vanquished

Notes
Turn   | Place    | Note
-------+----------+-------------------------------------------
     0 | D:1      | jimonade the Djinni Gladiator began the quest for the Orb.
     0 | D:1      | Reached XP level 1. HP: 18/18 MP: 0/0
   169 | D:1      | Reached XP level 2. HP: 23/23 MP: 0/0
   438 | D:1      | Reached XP level 3. HP: 17/28 MP: 0/0
   438 | D:1      | Learned a level 1 spell: Apportation
   997 | D:2      | Reached skill level 1 in Spellcasting
  1040 | D:2      | Reached XP level 4. HP: 31/34 MP: 0/0
  1050 | D:2      | Reached skill level 1 in Armour
  1230 | D:2      | Found a shimmering altar of Xom.
  1330 | D:2      | Reached XP level 5. HP: 32/39 MP: 0/0
  1330 | D:2      | Learned a level 2 spell: Call Imp
  2015 | D:3      | Found a blossoming altar of Fedhas.
  2162 | D:3      | Found a transporter.
  2164 | D:3      | Noticed SpyderV's ghost (amateur DsFi)
  2172 | D:3      | Found a transporter.
  2631 | D:4      | Reached skill level 1 in Short Blades
  2651 | D:4      | Reached skill level 1 in Shields
  2748 | D:4      | Reached XP level 6. HP: 46/46 MP: 0/0
  2974 | D:4      | Splashed by a jelly's acid

Illustrated notes

Levels and vault maps discovered:
D:1:      mrwooster_arrival_arrow, layout_loops_ring, minmay_gold_behind_fungi,
          minmay_misc_feat_columns, minivault_26, hex_large,
          chequers_serial_rivers_micro_a, chequers_serial_rivers_micro_c,
          chequers_serial_rivers_large_b, nicolae_grassy_gnolls
D:2:      layout_basic, basic_altar, minmay_hexomino_p4
D:3:      layout_loops_ring, mainiacjoe_overflow_tiny_flanked,
          gammafunk_ghost_mausoleum
D:4:      layout_gridville, serial_glass, glass_columns_a, glass_columns_c,
          nicolae_titane

Skill      XL: |  1  2  3  4  5 |
---------------+----------------+-----
Throwing       | 2 |  2.0
Spellcasting   | 1 |  1.6
Long Blades    | 3 |  3.1
Armour         | 1 |  1.5
Fighting       | 3 |  3.0
Short Blades   | 1 |  1.2
Shields        | 1 |  1.0
Dodging        | |  3.8
Stealth        | |  0.1

Action                     |  1- 3 |  4- 6 || total
---------------------------+-------+-------++-------
  Melee: Long sword        |    60 |    26 ||    86
         Punch             |     1 |       ||     1
         Dagger            |       |   188 ||   188
   Stab: Distracted        |     1 |       ||     1
         Sleeping          |       |     3 ||     3
 Armour: Leather armour    |    22 |    52 ||    74
  Dodge: Dodged            |    36 |   105 ||   141
  Block: Buckler           |     8 |    35 ||    43

Table legend: (Time is in decaauts)
 A = Elapsed time spent in this place.
 B = Non-inter-level travel time spent in this place.
 C = Inter-level travel time spent in this place.
 D = Time resting spent in this place.
 E = Time spent auto-exploring this place.
 F = Levels seen in this place.
 G = Mean time per level.
                   A        B        C        D        E       F      G
               +--------+--------+--------+--------+--------+-----+--------+
         Total |   2988 |   2889 |     99 |    101 |   2165 |   4 |  747.0 |
       Dungeon |   2988 |   2889 |     99 |    101 |   2165 |   4 |  747.0 |
               +--------+--------+--------+--------+--------+-----+--------+

Top non-repeatable levels by time:
     D:1: 923 daAuts
     D:2: 855 daAuts
     D:3: 839 daAuts
     D:4: 370 daAuts
